 Dungeon Crawl Stone Soup version 0.17.0-24-gcfadda4 (webtiles) character file.

81 Helmschank the Insei (level 4, 0/28 HPs)
             Began as an Octopode Transmuter on Nov 16, 2015.
             Succumbed to an adder's poison
             ... on level 2 of the Dungeon.
             The game lasted 00:05:56 (1587 turns).

Helmschank the Insei (Octopode Transmuter)          Turns: 1587, Time: 00:05:56

Health: 0/28       AC:  1    Str: 10    XL:     4   Next: 40%
Magic:  7/7        EV: 13    Int: 15    God:
Gold:   61         SH:  0    Dex: 12    Spells: 2 memorised, 4 levels left

rFire  . . .     SeeInvis .       - Unarmed
rCold  . . .     Clarity  .     (no shield)
rNeg   . . .     SustAt   .     (helmet restricted)
rPois  .         Gourm    .     (no amulet)
rElec  .         Spirit   .     (no ring)
rCorr  .         Warding  .     (no ring)
rMut   .         Stasis   .     (no ring)
MR     .....                    (no ring)
Stlth  +++.......               (no ring)
                                (no ring)
                                (no ring)
                                (no ring)

@: lethally poisoned (0 -> -2), not resistant to hostile enchantments, fairly
stealthy
A: almost no armour, amphibious, 8 rings, constrict 8, camouflage 1, gelatinous
body 1
a: no special abilities


You were on level 2 of the Dungeon.
You were not hungry.

You visited 1 branch of the dungeon, and saw 2 of its levels.

You collected 61 gold pieces.

Inventory:

Missiles
 a - 12 arrows
 i - 41 stones (quivered)
Jewellery
 g - an uncursed ring of flight {unknown}
 m - a +3 ring of evasion {unknown}
Scrolls
 d - a scroll of recharging {unknown}
 e - a scroll of enchant armour {unknown}
 f - a scroll of enchant weapon {unknown}
 j - 2 scrolls of fear {unknown}
 l - a scroll of teleportation {unknown}
 o - a scroll of remove curse {unknown}
Books
 b - a book of Changes

   Spells                             Type                      Level
   a - Beastly Appendage              Transmutation                1
   b - Sticks to Snakes               Transmutation                2
   c - Spider Form                    Transmutation/Poison         3
   d - Ice Form                       Ice/Transmutation            4
   e - Blade Hands                    Transmutation                5
Comestibles
 c - a bread ration
 h - a chunk of flesh
 p - a beef jerky


   Skills:
 + Level 1.6 Fighting
 + Level 2.8 Dodging
 + Level 1.7 Stealth
 * Level 4.1 Unarmed Combat
 - Level 2.0 Spellcasting
 - Level 2.0 Transmutations


You had 4 spell levels left.
You knew the following spells:

 Your Spells              Type           Power        Failure   Level  Hunger
x - Sticks to Snakes      Trmt           #.........   14%         2    ###....
z - Beastly Appendage     Trmt           #.....       12%         1    #......


Dungeon Overview and Level Annotations

Branches:
Dungeon (2/15)

Altars:
Trog


Innate Abilities, Weirdness & Mutations

You cannot wear most types of armour.
You are amphibious.
You can wear up to eight rings at the same time.
You can use your tentacles to constrict eight enemies at once.
Your skin changes colour to match your surroundings (Stealth).
Your rubbery body absorbs attacks (AC +1).


Message History

Your transformation is almost over.
You start resting.
* * * LOW HITPOINT WARNING * * *
You feel sick.
You start resting.
* * * LOW HITPOINT WARNING * * *
You feel sick.
You start resting.
Eating one of 2 chunks of flesh.
This raw flesh tastes terrible.
You continue eating. x2
* * * LOW HITPOINT WARNING * * *
You feel sick.
You start resting.
You feel less woody.
There is a lethal amount of poison in your body!
You aren't carrying any potions.
Unknown command.
* * * LOW HITPOINT WARNING * * *
You feel sick.
You die...

#.# .. #. #.## #..###
#$...##
##.....##########
#.$..............
.#.#......@....... $
#.._.....#....!####..
..#
###.#(##.##......###.#
#.#
.#..#.##(..##.........
##.## .....>..##.#
###.## #.##....
######.#..#.#####..#
#.$.....
#.##........#.#
#.......
###.####...####......
#...# #...##......


There were no monsters in sight!

Vanquished Creatures
  3 adders
  2 giant geckos (D:2)
  A ball python (D:1)
  4 giant cockroaches
  9 goblins
  3 hobgoblins (D:1)
  10 kobolds
  5 bats
  2 giant newts (D:1)
  3 jackals (D:2)
  6 rats (D:1)
48 creatures vanquished.

Notes
Turn   | Place    | Note
--------------------------------------------------------------
     0 | D:1      | Helmschank the Octopode Transmuter began the quest for the Orb.
     0 | D:1      | Reached XP level 1. HP: 13/13 MP: 3/3
   139 | D:1      | Reached XP level 2. HP: 12/18 MP: 3/5
   366 | D:1      | Reached skill level 1 in Stealth
   681 | D:1      | Reached XP level 3. HP: 15/23 MP: 6/6
  1307 | D:2      | Reached XP level 4. HP: 20/28 MP: 7/7
  1321 | D:2      | Learned a level 2 spell: Sticks to Snakes
  1513 | D:2      | Reached skill level 4 in Unarmed Combat
  1543 | D:2      | Found a bloodstained altar of Trog.
  1579 | D:2      | HP: 2/42 [poisoned by an adder]
  1587 | D:2      | Succumbed to an adder's poison

Action                   |  1- 3 |  4- 6 || total
-------------------------+-------+-------++-------
Melee: Unarmed           |   100 |    20 ||   120
Throw: Stone             |    19 |     1 ||    20
 Cast: Beastly Appendage |    12 |     1 ||    13
  Use: Potion            |       |     2 ||     2
 Stab: Sleeping          |     2 |     2 ||     4
  Eat: Chunk             |     1 |     2 ||     3
